 Dungeon Crawl Stone Soup version 0.17.1-2-g5865329 (console) character file.

126 joosa the Vexing (level 4, -2/35 HPs)
             Began as a Demigod Arcane Marksman on Jan 14, 2016.
             Slain by Grinder (8 damage)
             ... on level 4 of the Dungeon.
             The game lasted 00:19:11 (3208 turns).

joosa the Vexing (Demigod Arcane Marksman)          Turns: 3208, Time: 00:19:11

Health: -2/35      AC:  3    Str: 14    XL:     4   Next: 55%
Magic:  9/9        EV: 13    Int: 19    God:
Gold:   154        SH:  0    Dex: 15    Spells: 2 memorised, 4 levels left

rFire  + . .     SeeInvis .     x - +1 flail (holy)
rCold  + . .     Clarity  .     b - +1 robe
rNeg   . . .     SustAt   +     (no shield)
rPois  +         Gourm    .     (no helmet)
rElec  +         Spirit   .     (no cloak)
rCorr  +         Warding  .     (no gloves)
rMut   +         Stasis   .     (no boots)
MR     .....                    f - amulet of resist mutation
Stlth  +.........               (no ring)
                                (no ring)

@: confused, resistant, not resistant to hostile enchantments, very unstealthy
A: high mp 1, sustain attributes
a: no special abilities


You were on level 4 of the Dungeon.
You were not hungry.

You visited 1 branch of the dungeon, and saw 4 of its levels.

You collected 154 gold pieces.

Inventory:

Hand Weapons
 a - a +1 hand crossbow
 x - a +1 flail of holy wrath (weapon)
Missiles
 d - 5 bolts
Armour
 b - a +1 robe (worn)
 h - a +0 leather armour
Jewellery
 f - an amulet of resist mutation (around neck)
 n - an uncursed ring of teleportation
 o - an uncursed amulet of stasis
Scrolls
 g - 2 scrolls of remove curse
 i - a scroll of noise {unknown}
 k - a scroll of immolation
 u - 5 scrolls of identify
 v - a scroll of magic mapping {unknown}
 w - a scroll of recharging {unknown}
Potions
 s - a potion of lignification {unknown}
 t - a potion of brilliance {unknown}
Books
 c - a book of Debilitation

   Spells                             Type                      Level
   a - Corona                         Hexes                        1
   b - Slow                           Hexes                        2
   c - Gell's Gravitas                Hexes/Translocation          3
   d - Inner Flame                    Hexes/Fire                   3
   e - Cause Fear                     Hexes                        4
   f - Leda's Liquefaction            Hexes/Earth                  4
Comestibles
 e - 2 bread rations
 p - 2 meat rations
 q - a beef jerky


   Skills:
 - Level 1.1 Fighting
 + Level 2.7 Crossbows
 + Level 2.5 Dodging
 + Level 2.0 Spellcasting
 + Level 3.4 Hexes


You had 4 spell levels left.
You knew the following spells:

 Your Spells              Type           Power        Failure   Level  Hunger
a - Corona                Hex            ###....      4%          1    #......
s - Slow                  Hex            ###.....     8%          2    ###....


Dungeon Overview and Level Annotations

Branches:
Dungeon (4/15)
 Temple: D:4-7

Annotations:
D:3 Ijyb
D:4 Dowan, Duvessa, Grinder


Innate Abilities, Weirdness & Mutations

You have an increased reservoir of magic (+10% MP).
Your attributes are resistant to harm.


Message History

Grinder says, "I used to sell toenails on the black market."
Grinder hits you.
You writhe in agony.
Dowan mumbles some strange words.
Dowan blinks!
Grinder gestures at you. Pain shoots through your body!
* * * LOW HITPOINT WARNING * * *
Casting: Corona
Confirm with . or Enter, or press ? or * to list all spells.
Aiming: Slow
Press: ? - help, Shift-Dir - straight line, f/p - Grinder
Aim: Grinder (moderately wounded, chance to defeat MR: 51%) Duvessa easily resists.
Duvessa hits you with a short sword of holy wrath.
* * * LOW HITPOINT WARNING * * *
Drink which item? (? for menu, Esc to quit)
It was a potion of ambrosia.
You are confused.
You feel invigorated. Grinder hits you!
You die...

###.##.####.####....
#..e.#..............
#....#..............
#....#..............
#....#)..##...##....
#....#...###+###....
#....#...#....[.....
#.5e.#...#..........
###@##...##.........
#.####.##...##...##....
.............##...##....
........................
..................###+##
##.####.##...##...# #
#.##...##......
..#....###+###..
...#....##...## .


You could see Grinder, Duvessa and Dowan.

Vanquished Creatures
  Jessica (D:3)
  4 adders
  An ooze (D:2)
  2 giant geckos
  3 goblins
  9 hobgoblins
  4 kobolds
  A ball python (D:1)
  11 bats
  4 giant cockroaches
  6 giant newts
  10 jackals
  3 rats (D:3)
59 creatures vanquished.

Notes
Turn   | Place    | Note
--------------------------------------------------------------
     0 | D:1      | joosa the Demigod Arcane Marksman began the quest for the Orb.
     0 | D:1      | Reached XP level 1. HP: 15/15 MP: 4/4
   193 | D:1      | Reached skill level 1 in Fighting
   528 | D:1      | Reached XP level 2. HP: 20/23 MP: 4/6
   911 | D:2      | Reached skill level 3 in Hexes
  1026 | D:2      | Found a white marble altar of Elyvilon.
  1037 | D:2      | Reached XP level 3. HP: 25/28 MP: 5/7
  1058 | D:2      | Learned a level 2 spell: Slow
  2105 | D:3      | Noticed Jessica
  2112 | D:3      | Killed Jessica
  2112 | D:3      | Reached XP level 4. HP: 35/35 MP: 5/9
  2276 | D:3      | Found a snail-covered altar of Cheibriados.
  2709 | D:3      | Noticed Ijyb
  3177 | D:4      | Noticed Grinder
  3192 | D:4      | Noticed Duvessa
  3192 | D:4      | Noticed Dowan
  3198 | D:4      | Paralysed by Grinder for 4 turns
  3208 | D:4      | Slain by Grinder

Action                   |  1- 3 |  4- 6 || total
-------------------------+-------+-------++-------
Melee: Unarmed           |       |    31 ||    31
       Short sword       |       |    18 ||    18
       Flail             |       |     3 ||     3
 Fire: Hand crossbow     |    85 |    20 ||   105
 Cast: Corona            |    14 |     1 ||    15
       Slow              |     4 |     5 ||     9
  Use: Scroll            |     6 |     1 ||     7
       Potion            |       |     4 ||     4
  Eat: Chunk             |     3 |     3 ||     6
       Pizza             |     1 |       ||     1
